 Dungeon Crawl Stone Soup version 0.16-a0-2955-gfa193e0 (webtiles) character file.

384 Ratboiler the Cudgeler (level 6, 0/47 HPs)
             Began as a Centaur Wanderer on Dec 4, 2014.
             Succumbed to dadoka's ghost's poison
             ... on level 2 of the Dungeon.
             The game lasted 00:12:09 (6039 turns).

Ratboiler the Cudgeler (Centaur Wanderer)           Turns: 6039, Time: 00:12:10

Health: 0/47       AC: 11    Str: 13    XL:     6   Next: 47%
Magic:  10/10      EV: 11    Int: 10    God:
Gold:   170        SH:  0    Dex: 16    Spells: 2 memorised, 6 levels left

rFire  + . .     SeeInvis .     a - +0 morningstar
rCold  . . .     Clarity  .     g - +0 scale mail
rNeg   . . .     SustAb   .     (no shield)
rPois  .         Gourm    .     t - +0 helmet
rElec  +         Spirit   .     (no cloak)
rCorr  .         Warding  .     (no gloves)
rMut   .         Stasis   .     (no barding)
MR     +....                    (no amulet)
Stlth  +.........               (no ring)
                                h - ring of protection from fire

@: agile, lethally poisoned, very quick, somewhat resistant to hostile
enchantments, very unstealthy
A: hooves 3, iridescent scales 1, deformed body, speed 2, magic resistance 1,
electricity resistance, tough skin 3, weak 1, no device heal 1
a: no special abilities


You were on level 2 of the Dungeon.
You were not hungry.

You visited 1 branch of the dungeon, and saw 3 of its levels.
You also visited: Sewer.

You collected 170 gold pieces.

Inventory:

Hand weapons
 a - a +0 morningstar (weapon)
 b - a +0 blowgun
Missiles
 c - 3 poisoned needles
Armour
 g - a +0 scale mail (worn)
 t - a +0 helmet (worn)
Jewellery
 h - a ring of protection from fire (left hand)
Scrolls
 e - 2 scrolls of teleportation
 p - a scroll of fog
 q - 2 scrolls of enchant weapon {unknown}
 r - 2 scrolls of remove curse
Potions
 i - a potion of cure mutation
 o - 4 potions of flight
 s - a potion of haste
Books
 d - the Incunabulum of Orientation

   Spells                             Type                      Level
   a - Apportation                    Translocation                1
   b - Recall                         Summoning/Translocation      3
 k - a book of Minor Magic

   Spells                             Type                      Level
   a - Magic Dart                     Conjuration                  1
   b - Blink                          Translocation                2
   c - Call Imp                       Summoning                    2
   d - Repel Missiles                 Charms/Air                   2
   e - Slow                           Hexes                        2
   f - Conjure Flame                  Conjuration/Fire             3
   g - Mephitic Cloud                 Conjuration/Poison/Air       3
Comestibles
 f - a bread ration
 j - a meat ration


   Skills:
 - Level 1.3 Fighting
 * Level 5.8 Maces & Flails
 - Level 2.6 Throwing
 - Level 2.4 Spellcasting
   Level 2.6 Fire Magic
   Level 1.5 Poison Magic


You had 6 spell levels left.
You knew the following spells:

 Your Spells              Type           Power        Failure   Level  Hunger
a - Apportation           Tloc           #.........   95%         1    ##.....
b - Repel Missiles        Chrm/Air       #.....       99%         2    ###....


Dungeon Overview and Level Annotations

Branches:
Dungeon (3/15)

Altars:
Ashenzari
Fedhas
Gozag
Qazlal
Vehumet
The Shining One

Shops:
D:2 *

Annotations:
D:3 dadoka's ghost, average OpVM


Innate Abilities, Weirdness & Mutations

You have hooves in place of feet.
Armour fits poorly on your strangely shaped body.
You cover ground very quickly.
You have extremely tough skin (AC +3).
You are partially covered in iridescent scales (AC +4).
You are resistant to hostile enchantments.
You are resistant to electric shocks.
You are weak. (Str -2)
Potions and wands are less effective at restoring your health.


Message History

You feel sick. The goblin hits you but does no damage.
The adder barely misses you.
Drink which item? (? for menu, Esc to quit)
It was a potion of agility.
You feel agile all of a sudden. The adder barely misses you.
The goblin hits you but does no damage.
You hit the adder.
The adder is moderately wounded.
* * * LOW HITPOINT WARNING * * *
You feel sick. The adder closely misses you.
The goblin hits you but does no damage. The adder bites you but does no damage.
You hit the goblin.
You kill the goblin!
The adder barely misses you. The adder closely misses you.
You see here a dagger.
Drink which item? (? for menu, Esc to quit)
You feel extremely strange.
Your system partially rejects artificial healing.
You feel insulated.
You feel weaker.
You die...

#........[.....
#)#####..######
#.#......######
#)#.#...>......
#.#.#.....#####
#.#.#.....# #.#.#.....#
###
#########.#.#.....###..
#.....@.S.#.#.......#..
##.########.###.....#..
#.# #.# #.....#.. #.#
#.# #.....#.. ##.###
#.# #.....#.. #....#
#.# #.....#.. #.<#.#
#.# #.....#.. #..#.#
#.###.....#.. ##.#.#
#.^....####..


You could see an adder.

Vanquished Creatures
  A hound (D:3)
  2 orc priests (D:3)
  An orc wizard (D:3)
  A siren (Sewer)
  A merfolk avatar (Sewer)
  Robin (D:2)
  4 adders
  4 river rats (Sewer)
  3 giant mites
  A worm (D:3)
  An ooze (D:2)
  8 orcs (D:3)
  6 giant cockroaches
  6 hobgoblins
  7 jackals
  4 quokkas
  4 ball pythons
  7 bats
  4 giant geckos
  7 giant newts
  12 goblins
  5 kobolds
  28 rats
118 creatures vanquished.

Vanquished Creatures (others)
  3 drowned souls (Sewer)
3 creatures vanquished.

Grand Total: 121 creatures vanquished

Notes
Turn   | Place    | Note
--------------------------------------------------------------
     0 | D:1      | Ratboiler, the Centaur Wanderer, began the quest for the Orb.
     0 | D:1      | Ratboiler set off with: a book of Minor Magic, the Incunabulum of Orientation, 9 poisoned needles, a +0 blowgun, a +0 robe, a bread ration
     0 | D:1      | Reached XP level 1. HP: 14/14 MP: 3/3
     0 | D:1      | Identified the Incunabulum of Orientation
     2 | D:1      | Learned a level 1 spell: Apportation
   326 | D:1      | Reached skill level 1 in Fighting
   543 | D:1      | Reached XP level 2. HP: 18/23 MP: 5/5
   560 | D:1      | Reached skill level 1 in Maces & Flails
  1343 | D:1      | Learned a level 2 spell: Repel Missiles
  1433 | D:2      | Found a glowing golden altar of the Shining One.
  1434 | D:2      | Reached XP level 3. HP: 28/28 MP: 6/6
  1519 | D:2      | Noticed Robin
  1572 | D:2      | Killed Robin
  1915 | D:2      | Found a stormy altar of Qazlal.
  1921 | D:2      | Noticed an air elemental
  1921 | D:2      | Noticed a fire elemental
  1922 | D:2      | Noticed an earth elemental
  1922 | D:2      | Noticed a water elemental
  1929 | D:2      | Found an opulent altar of Gozag.
  1930 | D:2      | Found Gozag's Platinum Reserve.
  2573 | D:3      | Found a radiant altar of Vehumet.
  2745 | D:3      | Found a glowing drain.
  2782 | D:3      | Reached XP level 4. HP: 8/35 MP: 7/7
  2810 | Sewer    | Entered a sewer
  3078 | Sewer    | Reached skill level 3 in Maces & Flails
  3431 | Sewer    | Reached XP level 5. HP: 24/40 MP: 8/8
  3623 | Sewer    | Reached skill level 4 in Maces & Flails
  4135 | Sewer    | Noticed a drowned soul
  4137 | Sewer    | Noticed a drowned soul
  4140 | Sewer    | Killed a drowned soul
  4141 | Sewer    | Noticed a drowned soul
  4142 | Sewer    | Noticed a drowned soul
  4144 | Sewer    | Killed a drowned soul
  4146 | Sewer    | Noticed a drowned soul
  4147 | Sewer    | Noticed a drowned soul
  4147 | Sewer    | Killed a drowned soul
  4794 | D:3      | Reached skill level 5 in Maces & Flails
  4811 | D:3      | Reached XP level 6. HP: 14/47 MP: 10/10
  5313 | D:3      | HP: 1/47 [orc (2)]
  5319 | D:3      | HP: 1/47 [orc (1)]
  5969 | D:3      | Found a blossoming altar of Fedhas.
  5969 | D:3      | Found a shattered altar of Ashenzari.
  5992 | D:3      | Noticed dadoka's ghost (average OpVM)
  6032 | D:2      | HP: 2/47 [poisoned by dadoka's ghost]
  6033 | D:2      | Gained mutation: You are resistant to hostile enchantments. [potion of mutation]
  6033 | D:2      | Gained mutation: You are partially covered in iridescent scales (AC +4). [potion of mutation]
  6039 | D:2      | Gained mutation: Potions and wands are less effective at restoring your health. [potion of mutation]
  6039 | D:2      | Gained mutation: You are resistant to electric shocks. [potion of mutation]
  6039 | D:2      | Gained mutation: You are weak. (Str -2) [potion of mutation]
  6039 | D:2      | Succumbed to dadoka's ghost's poison

Action                   |  1- 3 |  4- 6 || total
-------------------------+-------+-------++-------
Melee: Club              |   192 |   120 ||   312
       Unarmed           |    20 |       ||    20
       Morningstar       |       |   134 ||   134
 Fire: Blowgun           |    10 |    22 ||    32
  Use: Scroll            |     3 |     6 ||     9
       Potion            |       |     6 ||     6
  Eat: Chunk             |     2 |     3 ||     5
       Pizza             |     2 |       ||     2
       Beef jerky        |       |     2 ||     2
       Bread ration      |       |     1 ||     1
